 Dungeon Crawl Stone Soup version 0.28.0-47-ge53b351184 (webtiles) character file.

Game seed: 6978940619002629500

44 Zeld the Conjurer (level 3, 0/28 HPs)
             Began as a Draconian Conjurer on Apr 29, 2022.
             Slain by Pikel
             ... wielding a +0 whip of flaming
              (3 damage)
             ... on level 3 of the Dungeon.
             The game lasted 00:02:15 (1964 turns).

Zeld the Conjurer (Draconian Conjurer)              Turns: 1964, Time: 00:02:16

Health: 0/28       AC:  5    Str:  9    XL:     3   Next: 39%
Magic:  6/15       EV: 12    Int: 20    God:
Gold:   83         SH:  0    Dex:  9    Spells: 3/6 levels left

rFire   . . .      SeeInvis .   (no weapon)
rCold   . . .      Faith    .   (no shield)
rNeg    . . .      Spirit   .   (armour unavailable)
rPois   .          Reflect  .   (helmet restricted)
rElec   .          Harm     .   (no cloak)
rCorr   .          Rampage  .   (no gloves)
Will    .....                   (no boots)
Stlth   ++........              (no amulet)
HPRegen 0.09/turn               a - ring of magical power
MPRegen 0.14/turn               (no ring)

@: no status effects
A: AC +5, unfitting armour, cold-blooded
a: no special abilities


You were on level 3 of the Dungeon.
You visited 1 branch of the dungeon, and saw 4 of its levels.

You collected 83 gold pieces.

Inventory:

Jewellery
 a - a ring of magical power (left hand)
 c - a ring of resist corrosion
Potions
 b - a potion of lignification {unknown}


   Skills:
 * Level 1.6 Fighting
 + Level 2.0 Dodging
 + Level 2.1 Stealth
 * Level 2.4 Spellcasting
 * Level 4.3 Conjurations


You had 3 spell levels left.
You knew the following spells:

 Your Spells              Type           Power      Damage    Failure   Level
a - Magic Dart            Conj           76%        1d6       2%          1
b - Searing Ray           Conj           38%        2d5       3%          2

Your spell library contained the following spells:

 Spells                   Type           Power      Damage    Failure   Level
 Dazzling Flash           Conj/Hex       22%        N/A       19%         3
 Fulminant Prism          Conj/Hex       5%         3d7       52%         4
 Iskenderun's Mystic Bla  Conj/Tloc      11%        2d4       52%         4


Dungeon Overview and Level Annotations

Branches:
Dungeon (4/15)
 Temple: D:4-7

Altars:

Shops:
D:3 !

Annotations:
D:3 Pikel


Innate Abilities, Weirdness & Mutations

Your plain brown scales are hard. (AC +5)
You cannot fit into any form of body armour.
You are cold-blooded and may be slowed by cold attacks.


Message History

Casting: Magic Dart (safe; 2% risk of failure)
Confirm with . or Enter, or press ? or * to list all spells.
Aiming: Searing Ray (safe; 3% risk of failure)
Press: ? - help, Shift-Dir - straight line, f - Pikel
Aim: Pikel, wielding a +0 whip of flaming and wearing a +0 robe (72% to hit)
The searing ray hits Pikel but does no damage. (Press . to maintain the ray.) Pikel hits you with a +0 whip of flaming.
Pikel burns you.
The searing ray misses Pikel.
Pikel closely misses you.
The searing ray hits Pikel but does no damage.
Pikel hits you with a +0 whip of flaming.
Pikel burns you.
The searing ray hits Pikel.
Pikel is lightly wounded.
You finish channelling your searing ray.
Pikel closely misses you.
Casting: Searing Ray (safe; 3% risk of failure)
Confirm with . or Enter, or press ? or * to list all spells.
Aiming: Searing Ray (safe; 3% risk of failure)
Press: ? - help, Shift-Dir - straight line, f/p - Pikel
Aim: Pikel, wielding a +0 whip of flaming and wearing a +0 robe (lightly wounded, 72% to hit)
The searing ray hits Pikel but does no damage.
Pikel is lightly wounded. (Press . to maintain the ray.) Pikel hits you with a +0 whip of flaming.
Pikel burns you.
* * * LOW HITPOINT WARNING * * *
The searing ray hits Pikel.
Pikel is moderately wounded.
Pikel barely misses you.
The searing ray misses Pikel.
Pikel hits you with a +0 whip of flaming.
* * * LOW HITPOINT WARNING * * *
Pikel burns you.
* * * LOW HITPOINT WARNING * * *
Unknown command.
The floating eye turns its gaze towards you.
Pikel hits you with a +0 whip of flaming.
You die...

G#...#G#..##.##.......###.#
##...###.....##.......#
#.##
..........#####.......#
#... ..._.....## #########
###< .........# #########
#. ##...###.## #.......# #.
G#...#G#..###.......# #.
##...###...K........# #.
.........#.@........# #.
....##.###).........# #.
##. #. ##.#.....∩.# ###. ..
# #.#<......# #...
#.######### ###.#. #.#
#..... #.# #.#†## #.# #$#.#
<. # #.?


You could see Pikel.

Vanquished Creatures
  An adder (D:4)
  2 dart slugs (D:1)
  A bat (D:1)
  3 endoplasms (D:1)
  A giant cockroach (D:2)
  4 goblins
  2 hobgoblins
  A quokka (D:1)
  4 ball pythons
  2 frilled lizards
  5 kobolds (D:1)
  3 rats (D:1)
29 creatures vanquished.

Notes
Turn   | Place    | Note
-------+----------+-------------------------------------------
     0 | D:1      | Zeld the Draconian Conjurer began the quest for the Orb.
     0 | D:1      | Reached XP level 1. HP: 14/14 MP: 3/3
   681 | D:1      | Reached XP level 2. HP: 14/22 MP: 1/5
   893 | D:1      | Learned a level 2 spell: Searing Ray
   976 | D:1      | Reached skill level 1 in Fighting
  1311 | D:2      | Reached XP level 3. HP: 15/28 MP: 2/6
  1336 | D:3      | Found Ulopnorr's Distillery.
  1460 | D:3      | Noticed a great orb of eyes
  1463 | D:3      | Found a faded altar of an unknown god.
  1465 | D:3      | Noticed a great orb of eyes
  1465 | D:3      | Noticed an eye of devastation
  1465 | D:3      | Noticed a floating eye
  1814 | D:4      | Noticed a lemure
  1840 | D:4      | Noticed Pikel
  1867 | D:4      | Noticed a lemure
  1877 | D:4      | Noticed a lemure
  1946 | D:3      | HP: 1/28 [Pikel/+0 whip of flaming (2)]
  1964 | D:3      | Slain by Pikel

Illustrated notes

Levels and vault maps discovered:
D:1:      minmay_arrival_solitary_statue, layout_basic, serial_bayou,
          serial_bayou_crossing, serial_bayou_pond_e, serial_bayou_lake_a,
          serial_bayou_shore_a
D:2:      layout_loops_ring, grunt_ministairs_13
D:3:      layout_loops_cross, serial_shops, shop,
          hellmonk_ecumenical_altar_watching_god,
          corexii_item_surrounded_by_moat, uniq_sigmund
D:4:      layout_layer_cave, kennysheep_little_box,
          mainiacjoe_overflow_surrounded_room, ebering_ghost_reflecting_pool,
          uniq_pikel

Skill      XL: |  1  2  3 |
---------------+----------+-----
Fighting       | 1 |  1.6
Stealth        | 2 |  2.1
Dodging        | 2 |  2.0
Spellcasting   | |  2.4
Conjurations   | |  4.3

Action                   || total
-------------------------++-------
Melee: Unarmed           ||    34
       Tailslap          ||     3
 Cast: Magic Dart        ||    65
       Searing Ray       ||     5
Armor: Skin              ||    17
Dodge: Dodged            ||    57
